 Dungeon Crawl Stone Soup version 0.27-a0-1281-ge233d83751 (webtiles) character file.

Game seed: 11312037588334145793

499 Vomitron the Ogre Mage (level 7, -2/70 HPs)
             Began as an Ogre Fire Elementalist on June 14, 2021.
             Was an Initiate of Uskayaw.
             Killed from afar by a dart slug (6 damage)
             ... with a slug dart
             ... on level 4 of the Dungeon.
             The game lasted 00:09:43 (4961 turns).

Vomitron the Ogre Mage (Ogre Fire Elementalist)     Turns: 4961, Time: 00:09:44

Health: -2/70      AC:  3    Str: 13    XL:     7   Next: 16%
Magic:  0/13       EV:  9    Int: 17    God:    Uskayaw [......]
Gold:   119        SH:  0    Dex: 10    Spells: 10/14 levels left

rFire    . . .     SeeInvis .   j - +0 spear
rCold    . . .     Faith    .   (no shield)
rNeg     . . .     Spirit   .   a - +0 robe
rPois    .         Reflect  .   (helmet restricted)
rElec    .         Harm     .   (no cloak)
rCorr    +         Rampage  .   (gloves unavailable)
Will     .....                  (boots unavailable)
Stlth    ++........             (no amulet)
HPRegen  0.21/turn              e - ring of resist corrosion
MPRegen  0.13/turn              (no ring)

@: no status effects
A: large, unfitting armour, tough skin 1
a: Renounce Religion


You were on level 4 of the Dungeon.
You worshipped Uskayaw.
Uskayaw was noncommittal.
You visited 1 branch of the dungeon, and saw 4 of its levels.

You collected 119 gold pieces.

Inventory:

Hand Weapons
 c - a +0 club
 j - a +0 spear (weapon)
 m - a +4 short sword of holy wrath
Missiles
 d - 19 poisoned darts
Armour
 a - a +0 robe (worn)
Jewellery
 e - a ring of resist corrosion (left hand)
 q - an amulet of guardian spirit
Scrolls
 b - a scroll of blinking {unknown}
 f - a scroll of fog {unknown}
 g - a scroll of magic mapping {unknown}
 l - 3 scrolls of identify {unknown}
 n - a scroll of enchant weapon {unknown}
 p - a scroll of brand weapon {unknown}
Potions
 h - a potion of magic {unknown}
 i - 2 potions of curing
 k - a potion of attraction {unknown}
 o - a potion of mutation {unknown}
 r - a potion of degeneration {unknown}
 s - a potion of berserk rage {unknown}


   Skills:
 + Level 4.0 Fighting
 - Level 1.7 Dodging
 - Level 1.4 Stealth
 + Level 4.3 Spellcasting
 + Level 3.1 Conjurations
 + Level 3.9 Fire Magic
 + Level 3.0 Invocations


You had 10 spell levels left.
You knew the following spells:

 Your Spells              Type           Power      Damage    Failure   Level
a - Foxfire               Conj/Fire      60%        2x1d7     3%          1
b - Conjure Flame         Conj/Fire      15%        6-21      11%         3

Your spell library contained the following spells:

 Spells                   Type           Power      Damage    Failure   Level
 Inner Flame              Hex/Fire       10%        N/A       21%         3
 Sticky Flame             Conj/Fire      15%        2d4       34%         4
 Fireball                 Conj/Fire      7%         3d5       69%         5


Dungeon Overview and Level Annotations

Branches:
Dungeon (4/15)
 Temple: D:4-7

Altars:
Qazlal
Ru
Uskayaw
Xom

Shops:
D:2 :


Innate Abilities, Weirdness & Mutations

You are too large for most types of armour.
You have tough skin. (AC +1)


Message History

The orc hits you with a +0 short sword. The orc hits you with a +0 flail.
* * * LOW HITPOINT WARNING * * *
The orc hits you but does no damage. The adder closely misses you.
You barely miss the orc.
The orc is severely wounded.
The orc closely misses you. The orc hits you with a +0 short sword.
* * * LOW HITPOINT WARNING * * *
The orc hits you with a +0 flail.
* * * LOW HITPOINT WARNING * * *
The adder closely misses you. The orc hits you with a +0 hand axe.
* * * LOW HITPOINT WARNING * * *
Unknown command.
Okay, then.
You hit the orc.
You kill the orc!
The orc completely misses you. The adder bites you.
* * * LOW HITPOINT WARNING * * *
The orc barely misses you. The orc misses you. The orc hits you with a +0 club.
* * * LOW HITPOINT WARNING * * *
You can now stomp with the beat.
Unknown command.
You stomp with the beat, sending a shockwave through the revellers around you!
You kill the orc!
The orc is heavily wounded.
The adder is heavily wounded.
The iguana is heavily wounded.
You kill the orc!
You can no longer stomp with the beat.
The adder barely misses you. x2; The orc closely misses you.
You can now stomp with the beat.
Unknown command.
Unknown command.
Unknown command.
You stomp with the beat, sending a shockwave through the revellers around you!
You kill the orc!
The adder is almost dead.
You kill the iguana!
You can no longer stomp with the beat.
The dart slug launches a dart at you. The slug dart hits you.
You die...

#######
##.....##
##...))).##
#....)@)..#
#....)ZS..#
#......$..#
.)......!..#
...........#
...w.......#
.#.........#
..........#


You could see an adder, a dart slug and a water moccasin skeleton.

Vanquished Creatures
  A water moccasin (D:3)
  3 orc priests (D:3)
  A hound (D:2)
  Terence (D:2)
  An iguana (D:4)
  An orc wizard (D:3)
  3 gnolls (D:2)
  9 adders
  3 worms
  23 orcs
  3 bats
  5 endoplasms
  4 giant cockroaches
  3 goblins
  7 hobgoblins
  8 jackals
  5 quokkas
  6 ball pythons
  6 frilled lizards
  5 kobolds
  3 rats
101 creatures vanquished.

Vanquished Creatures (others)
  178 foxfires
178 creatures vanquished.

Grand Total: 279 creatures vanquished

Notes
Turn   | Place    | Note
-------+----------+-------------------------------------------
     0 | D:1      | Vomitron the Ogre Fire Elementalist began the quest for the
                  | Orb.
     0 | D:1      | Reached XP level 1. HP: 16/16 MP: 3/3
    47 | D:1      | Reached skill level 1 in Conjurations
   162 | D:1      | Reached XP level 2. HP: 26/26 MP: 2/5
   285 | D:1      | Reached skill level 1 in Fighting
   483 | D:1      | Found a faded altar of an unknown god.
   615 | D:1      | Became a worshipper of Uskayaw the Reveller
   615 | D:1      | Reached * piety under Uskayaw
   684 | D:1      | Reached ** piety under Uskayaw
   914 | D:1      | Reached XP level 3. HP: 25/33 MP: 4/7
  1357 | D:2      | Noticed Terence
  1766 | D:2      | Found Jif Viu's Book Boutique.
  1842 | D:2      | Reached XP level 4. HP: 42/42 MP: 4/8
  2126 | D:2      | Reached *** piety under Uskayaw
  2127 | D:2      | Reached skill level 1 in Invocations
  2129 | D:2      | Reached **** piety under Uskayaw
  2327 | D:2      | Learned a level 3 spell: Conjure Flame
  2698 | D:2      | Reached XP level 5. HP: 41/50 MP: 6/10
  2889 | D:2      | Killed Terence
  3277 | D:3      | Found a stormy altar of Qazlal.
  3593 | D:3      | Reached XP level 6. HP: 17/61 MP: 0/11
  4646 | D:3      | Found a large runed translucent door.
  4649 | D:3      | Found a large runed translucent door.
  4753 | D:3      | Noticed a water moccasin
  4761 | D:3      | Killed a water moccasin
  4762 | D:3      | Reached XP level 7. HP: 63/68 MP: 7/13
  4926 | D:3      | Found a sacrificial altar of Ru.
  4929 | D:3      | Found a shimmering altar of Xom.
  4961 | D:4      | Killed from afar by a dart slug

Illustrated notes

Levels and vault maps discovered:
D:1:      dpeg_arrival_brainrot, layout_rooms,
          hellmonk_ecumenical_altar_inner_sanctum, minmay_domino_4
D:2:      layout_basic, serial_shops, nicolae_shop_waterfront, uniq_terence
D:3:      layout_basic, lemuel_round_altar, jmf_multi_god_temple2,
          chequers_mini_garden
D:4:      layout_rooms

Skill      XL: |  1  2  3  4  5  6  7 |
---------------+----------------------+-----
Conjurations   | 1 2 3 |  3.1
Fighting       | 1 2 3 4 |  4.0
Fire Magic     | 3 |  3.9
Spellcasting   | 3 4 |  4.3
Invocations    | 1 2 3 |  3.0
Dodging        | |  1.7
Stealth        | |  1.4

Action                   |  1- 3 |  4- 6 |  7- 9 || total
-------------------------+-------+-------+-------++-------
Melee: Club              |    62 |    16 |       ||    78
       Unarmed           |     3 |       |       ||     3
       Spear             |       |   140 |    17 ||   157
 Cast: Foxfire           |    37 |    73 |     4 ||   114
       Conjure Flame     |       |     2 |       ||     2
Invok: Stomp             |       |     7 |     4 ||    11
  Use: Potion            |     1 |       |       ||     1
Armor: Robe              |    31 |    36 |     7 ||    74
Dodge: Dodged            |    45 |    84 |    20 ||   149

Table legend: (Time is in decaauts)
 A = Elapsed time spent in this place.
 B = Non-inter-level travel time spent in this place.
 C = Inter-level travel time spent in this place.
 D = Time resting spent in this place.
 E = Time spent auto-exploring this place.
 F = Levels seen in this place.
 G = Mean time per level.
                   A        B        C        D        E       F      G
               +--------+--------+--------+--------+--------+-----+--------+
         Total |   5000 |   4796 |    204 |   1667 |   2268 |   4 | 1250.0 |
       Dungeon |   5000 |   4796 |    204 |   1667 |   2268 |   4 | 1250.0 |
               +--------+--------+--------+--------+--------+-----+--------+

Top non-repeatable levels by time:
     D:3: 1813 daAuts
     D:2: 1744 daAuts
     D:1: 1424 daAuts
     D:4: 17 daAuts
